 Dungeon Crawl Stone Soup version 0.17-a0-1324-ga541562 (webtiles) character file.

31 ololoev the Charmwright (level 3, -1/27 HPs)
             Began as a Formicid Skald on June 9, 2015.
             Slain by an adder (4 damage)
             ... on level 2 of the Dungeon.
             The game lasted 00:03:31 (1183 turns).

ololoev the Charmwright (Formicid Skald)            Turns: 1183, Time: 00:03:32

Health: -1/27      AC:  8    Str: 16    XL:     3   Next: 40%
Magic:  6/6        EV:  6    Int: 12    God:
Gold:   66         SH:  0    Dex: 10    Spells: 1 memorised, 5 levels left

rFire  . . .     SeeInvis +     a - +0 falchion
rCold  . . .     Clarity  .     h - +0 chain mail
rNeg   . . .     SustAt   .     (no shield)
rPois  .         Gourm    .     (helmet unavailable)
rElec  .         Spirit   .     (no cloak)
rCorr  .         Warding  .     (no gloves)
rMut   .         Stasis   +     (no boots)
MR     .....                    (no amulet)
Stlth  ..........               (no ring)
                                (no ring)

@: lethally poisoned (-1 -> -16), not resistant to hostile enchantments,
extremely unstealthy
A: permanent stasis, dig shafts and tunnels, four strong arms, antennae 3
a: Dig, Shaft Self


Innate Abilities, Weirdness & Mutations

You are under a permanent stasis effect.
You can dig through walls and to a lower floor.
Your four strong arms can wield two-handed weapons with a shield.
You have a pair of large antennae on your head (SInv).

Inventory:

Hand weapons
 a - a +0 falchion (weapon)
Armour
 h - a +0 chain mail (worn)
Scrolls
 b - a scroll of noise {unknown}
 e - a scroll of fear {unknown}
 f - 2 scrolls of remove curse {unknown}
 i - a scroll of amnesia {unknown}
 j - a scroll of enchant armour {unknown}
 m - a scroll of teleportation {unknown}
Potions
 g - a potion of curing {unknown}
 k - 2 potions of cancellation {unknown}
Books
 c - a book of Battle

   Spells                             Type                      Level
   a - Infusion                       Charms                       1
   b - Shroud of Golubria             Charms/Translocation         2
   c - Song of Slaying                Charms                       2
   d - Spectral Weapon                Hexes/Charms                 3
   e - Regeneration                   Charms/Necromancy            3
Comestibles
 d - a bread ration
 n - a meat ration


   Skills:
 - Level 2.1 Fighting
 * Level 3.0 Long Blades
 + Level 2.1 Armour
 - Level 0.8 Dodging
 - Level 2.1 Spellcasting
 - Level 3.0 Charms


You had 5 spell levels left.
You knew the following spells:

 Your Spells              Type           Power        Failure   Level  Hunger
a - Infusion              Chrm           #.....       97%         1    ##.....


You were on level 2 of the Dungeon.
You were not hungry.

You visited 1 branch of the dungeon, and saw 2 of its levels.

You collected 66 gold pieces.

.# #.....# .# #######.....#
.### #...........# ...#
............#.# ##.#
#......... #.# #.###...!.
#.# #.# ... #.# #S# . #.#
#@# #.# #.# #.## #.######
#.# #... {{{ #......# #.# #
#..# ######.# #.# #.
#..####### #.# #.###{#
#..#......
##.########.##...##.........
#)..........# #...........#
#..########## #SS.S.S.#

Notes
Turn   | Place    | Note
--------------------------------------------------------------
     0 | D:1      | ololoev the Formicid Skald began the quest for the Orb.
     0 | D:1      | Reached XP level 1. HP: 16/16 MP: 3/3
   265 | D:1      | Reached XP level 2. HP: 20/22 MP: 5/5
   828 | D:2      | Reached XP level 3. HP: 27/27 MP: 6/6
   873 | D:2      | Noticed Jessica
  1183 | D:2      | Slain by an adder

Dungeon Overview and Level Annotations

Branches:
Dungeon (2/15)

Altars:

Annotations:
D:2 Jessica


Message History

You are too injured to fight recklessly!
You are too injured to fight recklessly!
You are too injured to fight recklessly!
You are too injured to fight recklessly!
You are too injured to fight recklessly!
You are too injured to fight recklessly!
You are too injured to fight recklessly!
You are too injured to fight recklessly!
You are too injured to fight recklessly!
You are too injured to fight recklessly!
You are too injured to fight recklessly!
You are too injured to fight recklessly!
You are too injured to fight recklessly!
You are too injured to fight recklessly!
You are too injured to fight recklessly!
You are too injured to fight recklessly!
You are too injured to fight recklessly!
You are too injured to fight recklessly!
You hit the adder but do no damage.
The adder is heavily wounded.
The adder bites you.
You are more poisoned.
The adder poisons you! The adder bites you.
You barely miss the adder.
The adder is heavily wounded.
You feel sick. The adder bites you.
You are lethally poisoned!
The adder poisons you!
You miss the adder.
The adder is heavily wounded.
You feel sick. The adder bites you.
You are more poisoned.
The adder poisons you! The adder bites you but does no damage.
You barely miss the adder.
The adder is heavily wounded.
You feel sick. The adder bites you but does no damage.
You hit the adder.
The adder is severely wounded.
You feel sick. The adder bites you.
You die...

You could see an adder.

Vanquished Creatures
  An adder (D:2)
  A ball python (D:2)
  2 bats (D:1)
  3 goblins
  3 hobgoblins
  3 jackals (D:1)
  4 giant newts (D:1)
  A kobold (D:1)
  4 rats
22 creatures vanquished.

Action                   || total
-------------------------++-------
Melee: Falchion          ||   146
  Eat: Chunk             ||     1

Vault maps used:
D:1:      eino_arrival_water_cross, serial_bayou_lake_a
D:2:      lemuel_round_altar, uniq_iyjb, uniq_jessica
